PAA
PHOENIX HOTSPUR YOUTH @ MERCER ISLAND SCREAMING EAGLES
09/17/2028
 
TOP OF THE 1ST
Phoenix Hotspur Youth batting - Pitching for Mercer Island Screaming Eagles : RHP Esteban Miroz
Pitching: RHP Esteban Miroz
Batting: RHB David Rivas 0-0: Ball
1-0: Ground out U3 (Groundball, 34)
Batting: RHB Carl Tucker 0-0: Called Strike
0-1: Called Strike
0-2: Strikes out looking
Batting: RHB Bernardo Rivera 0-0: Ball
1-0: Ground out 6-3 (Groundball, 6)
Top of the 1st over - 0 run(s), 0 hit(s), 0 error(s), 0 left on base; Phoenix Hotspur 0 - Mercer Island 0
BOTTOM OF THE 1ST
Mercer Island Screaming Eagles batting - Pitching for Phoenix Hotspur Youth : LHP Ismael Lara
Pitching: LHP Ismael Lara
Batting: RHB Raúl Chávez 0-0: Fly out, F8 (Flyball, 8LM)
Batting: RHB Luis Jiménez 0-0: Foul Ball, location: 2F
0-1: Called Strike
0-2: Strikes out swinging
Batting: RHB Martinus Xhaka 0-0: Ball
1-0: Foul Ball, location: 2F
1-1: Swinging Strike
1-2: Ball
2-2: Ball
3-2: Foul Ball, location: 2F
3-2: Ground out 6-3 (Groundball, 6)
Bottom of the 1st over - 0 run(s), 0 hit(s), 0 error(s), 0 left on base; Phoenix Hotspur 0 - Mercer Island 0
TOP OF THE 2ND
Phoenix Hotspur Youth batting - Pitching for Mercer Island Screaming Eagles : RHP Esteban Miroz
Batting: RHB Eric Conway 0-0: Fly out, F8 (Flyball, 8RM)
Batting: RHB Rubén Andrada 0-0: Ball
1-0: Called Strike
1-1: Called Strike
1-2: Ball
2-2: Foul Ball, location: 2F
2-2: Ball
3-2: Base on Balls
Batting: LHB António Escalante 0-0: Ball
1-0: Ball
2-0: Called Strike
2-1: Swinging Strike
2-2: Strikes out looking
Batting: RHB Hieronymus Bosch 0-0: Foul Ball, location: 2F
0-1: Foul Ball, location: 2F
0-2: Ball
1-2: SINGLE (Flyball, 7S)
Rubén Andrada to second
Batting: RHB Enrico Sánchez 0-0: DOUBLE (Flyball, 9LM)
Rubén Andrada scores
Hieronymus Bosch to third
Runner from 3rd tries for Home, SAFE, throw made at trailing runner, SAFE at third!
Batting: RHB Phillip Mendizabal 0-0: Ball
1-0: SINGLE (Groundball, 5S) (infield hit)
Enrico Sánchez scores
Batting: RHB David Rivas Pickoff Throw to First - Error! E1
Phillip Mendizabal to second
0-0: Ground out 4-3 (Groundball, 4)
Top of the 2nd over - 3 run(s), 3 hit(s), 1 error(s), 1 left on base; Phoenix Hotspur 3 - Mercer Island 0
BOTTOM OF THE 2ND
Mercer Island Screaming Eagles batting - Pitching for Phoenix Hotspur Youth : LHP Ismael Lara
Batting: RHB Cristo González 0-0: Called Strike
0-1: Foul Ball, location: 2F
0-2: Ball
1-2: Ball
2-2: SINGLE (Groundball, 6MD)
Batting: RHB Wade Killefer 0-0: Ball
1-0: Called Strike
Cristo González steals 2nd base
1-1: Ball
2-1: Ball
3-1: Foul Ball, location: 2F
3-2: Base on Balls
Batting: RHB Francisco Agámez 0-0: Ball
1-0: Ball
2-0: SINGLE (Groundball, 34D)
Cristo González to third
Wade Killefer to second
Runner from 3rd tries for Home, throw and OUT!
Wade Killefer to third
Francisco Agámez to second
Batting: RHB Leonardo Ramírez 0-0: Called Strike
0-1: Ball
1-1: Called Strike
1-2: Fly out, F8 (Flyball, 8RM)
Runner from 3rd tags up, OUT at HOME
Bottom of the 2nd over - 0 run(s), 2 hit(s), 0 error(s), 1 left on base; Phoenix Hotspur 3 - Mercer Island 0
TOP OF THE 3RD
Phoenix Hotspur Youth batting - Pitching for Mercer Island Screaming Eagles : RHP Esteban Miroz
Batting: RHB Carl Tucker 0-0: Fly out, F9 (Flyball, 89S)
Batting: RHB Bernardo Rivera 0-0: Fly out, F9 (Flyball, 89M)
Batting: RHB Eric Conway 0-0: Ball
1-0: Foul Ball, location: 2F
1-1: Swinging Strike
1-2: Ball
2-2: Ball
3-2: Base on Balls
Batting: RHB Rubén Andrada 0-0: Ball
1-0: Foul Ball, location: 2F
1-1: Ball
2-1: Ball
3-1: SINGLE (Line Drive, 56D)
Eric Conway to second
Batting: LHB António Escalante 0-0: Ball
1-0: Foul Ball, location: 2F
1-1: Ball
2-1: Fly out, F9 (Flyball, 9)
Top of the 3rd over - 0 run(s), 1 hit(s), 0 error(s), 2 left on base; Phoenix Hotspur 3 - Mercer Island 0
BOTTOM OF THE 3RD
Mercer Island Screaming Eagles batting - Pitching for Phoenix Hotspur Youth : LHP Ismael Lara
Batting: LHB Jorge Pérez 0-0: Ball
1-0: SINGLE (Line Drive, 4D)
Batting: LHB Mike Russell 0-0: Ball
1-0: Called Strike
1-1: Swinging Strike
1-2: Ball
2-2: Ball
3-2: Fly out, F7 (Flyball, 7S)
Batting: RHB Raúl Chávez 0-0: SINGLE (Groundball, 6) (infield hit)
Jorge Pérez to second
Batting: RHB Luis Jiménez 0-0: Ball
1-0: Called Strike
1-1: Foul Ball, location: 2F
1-2: Foul Ball, location: 2F
1-2: Foul Ball, location: 2F
1-2: Fielders Choice at 2nd, 1-6 (Groundball, P)
Jorge Pérez to third
Batting: RHB Martinus Xhaka 0-0: Fielders Choice at 2nd, 4-6 (Groundball, 4)
Bottom of the 3rd over - 0 run(s), 2 hit(s), 0 error(s), 1 left on base; Phoenix Hotspur 3 - Mercer Island 0
TOP OF THE 4TH
Phoenix Hotspur Youth batting - Pitching for Mercer Island Screaming Eagles : RHP Esteban Miroz
Batting: RHB Hieronymus Bosch 0-0: Ball
1-0: Ball
2-0: Ball
3-0: Base on Balls
Batting: RHB Enrico Sánchez 0-0: Foul Ball, location: 2F
0-1: Ball
1-1: Fly out, F8 (Flyball, 8RXD)
Now in CF: Jacob Herman
Batting: RHB Phillip Mendizabal 0-0: Ball
1-0: Grounds into double play, 5-4-3 (Groundball, 5)
Top of the 4th over - 0 run(s), 0 hit(s), 0 error(s), 0 left on base; Phoenix Hotspur 3 - Mercer Island 0
BOTTOM OF THE 4TH
Mercer Island Screaming Eagles batting - Pitching for Phoenix Hotspur Youth : LHP Ismael Lara
Batting: RHB Cristo González 0-0: Called Strike
0-1: SINGLE (Groundball, 56D)
Batting: RHB Wade Killefer 0-0: Foul Ball, location: 2F
0-1: Ball
Cristo González is caught stealing 2nd base
1-1: Foul Ball, location: 2F
1-2: Fly out, F3 (Popup, 3D)
Batting: LHB Jacob Herman 0-0: Called Strike
0-1: Ball
1-1: Ground out U3 (Groundball, 3)
Bottom of the 4th over - 0 run(s), 1 hit(s), 0 error(s), 0 left on base; Phoenix Hotspur 3 - Mercer Island 0
TOP OF THE 5TH
Phoenix Hotspur Youth batting - Pitching for Mercer Island Screaming Eagles : RHP Esteban Miroz
Batting: RHB David Rivas 0-0: Called Strike
0-1: Ball
1-1: Called Strike
1-2: SINGLE (Groundball, 4D)
Batting: RHB Carl Tucker 0-0: Called Strike
0-1: Bunted foul
0-2: Ball
1-2: Fly out, F7 (Flyball, 78D)
Batting: RHB Bernardo Rivera 0-0: Ball
1-0: Swinging Strike
1-1: Ball
David Rivas steals 2nd base
2-1: Intentional Walk
Batting: RHB Eric Conway 0-0: Ball
1-0: Ball
Bernardo Rivera steals 2nd base
David Rivas to third
2-0: Ball
3-0: Base on Balls
Batting: RHB Rubén Andrada 0-0: Called Strike
0-1: Foul Ball, location: 2F
0-2: Ball
1-2: Foul Ball, location: 2F
1-2: Grounds into fielders choice 1-2 (Groundball, 13S)
Bernardo Rivera to third
Eric Conway to second
Batting: LHB António Escalante 0-0: Fly out, F8 (Flyball, 8RS)
Top of the 5th over - 0 run(s), 1 hit(s), 0 error(s), 3 left on base; Phoenix Hotspur 3 - Mercer Island 0
BOTTOM OF THE 5TH
Mercer Island Screaming Eagles batting - Pitching for Phoenix Hotspur Youth : LHP Ismael Lara
Batting: RHB Leonardo Ramírez 0-0: Ball
1-0: Fly out, F9 (Flyball, 89S)
Batting: LHB Jorge Pérez 0-0: Ball
1-0: Ball
2-0: Ball
3-0: Called Strike
3-1: SINGLE (Flyball, 8LS)
Batting: LHB Mike Russell 0-0: Grounds into double play, 4-6-3 (Groundball, 4)
Bottom of the 5th over - 0 run(s), 1 hit(s), 0 error(s), 0 left on base; Phoenix Hotspur 3 - Mercer Island 0
TOP OF THE 6TH
Phoenix Hotspur Youth batting - Pitching for Mercer Island Screaming Eagles : RHP Esteban Miroz
Batting: RHB Hieronymus Bosch 0-0: Swinging Strike
0-1: Ball
1-1: Ball
2-1: Ground out 1-3 (Groundball, 15)
Batting: RHB Enrico Sánchez 0-0: Fly out, F8 (Flyball, 78M)
Batting: RHB Phillip Mendizabal 0-0: Ball
1-0: Foul Ball, location: 2F
1-1: Swinging Strike
1-2: Ball
2-2: Ball
3-2: SINGLE (Groundball, 56D)
Pitching: RHP Paris Nowlin
Batting: RHB David Rivas 0-0: Ball
1-0: Ball
Pickoff Throw to First - Error! E1
Phillip Mendizabal to second
2-0: Ground out 5-3 (Groundball, 25)
Top of the 6th over - 0 run(s), 1 hit(s), 1 error(s), 1 left on base; Phoenix Hotspur 3 - Mercer Island 0
BOTTOM OF THE 6TH
Mercer Island Screaming Eagles batting - Pitching for Phoenix Hotspur Youth : LHP Ismael Lara
Batting: RHB Raúl Chávez 0-0: Fly out, F7 (Flyball, 7D)
Batting: RHB Luis Jiménez 0-0: Ball
1-0: Ball
2-0: Ball
3-0: Called Strike
3-1: DOUBLE (Line Drive, 7LM)
Batting: RHB Martinus Xhaka 0-0: Fly out, F8 (Flyball, 8LM)
Batting: RHB Cristo González 0-0: Ball
1-0: Foul Ball, location: 2F
1-1: Ball
2-1: Foul Ball, location: 2F
2-2: Ground out 6-3 (Groundball, 6)
Bottom of the 6th over - 0 run(s), 1 hit(s), 0 error(s), 1 left on base; Phoenix Hotspur 3 - Mercer Island 0
TOP OF THE 7TH
Phoenix Hotspur Youth batting - Pitching for Mercer Island Screaming Eagles : RHP Paris Nowlin
Batting: RHB Carl Tucker 0-0: Called Strike
0-1: Foul Ball, location: 2F
0-2: Ball
1-2: Ball
2-2: SINGLE (Flyball, 78S)
Batting: RHB Bernardo Rivera 0-0: Ball
1-0: Grounds into double play, 1-6-3 (Groundball, P)
Batting: RHB Eric Conway 0-0: Ball
1-0: Called Strike
1-1: Called Strike
1-2: Ball
2-2: Ground out 5-3 (Groundball, 56)
Top of the 7th over - 0 run(s), 1 hit(s), 0 error(s), 0 left on base; Phoenix Hotspur 3 - Mercer Island 0
BOTTOM OF THE 7TH
Mercer Island Screaming Eagles batting - Pitching for Phoenix Hotspur Youth : LHP Ismael Lara
Batting: RHB Wade Killefer 0-0: Ball
1-0: Called Strike
1-1: Fly out, F7 (Flyball, 7S)
Batting: LHB Jacob Herman 0-0: Called Strike
0-1: Ball
1-1: Ball
2-1: Swinging Strike
2-2: Foul Ball, location: 2F
2-2: Ball
3-2: Base on Balls
Batting: RHB Leonardo Ramírez 0-0: Ball
Jacob Herman steals 2nd base
1-0: Ball
2-0: Ball
3-0: Called Strike
3-1: SINGLE (Groundball, 34D)
Jacob Herman to third
Pitching: LHP Raúl Gonzáles
Batting: LHB Jorge Pérez 0-0: Ball
1-0: Foul Ball, location: 2F
1-1: Foul Ball, location: 2F
1-2: Ball
2-2: Ball
3-2: Ground out 5-3 (Groundball, 56S)
Jacob Herman scores
Leonardo Ramírez to second
Batting: LHB Mike Russell 0-0: Called Strike
0-1: Foul Ball, location: 2F
0-2: Ball
1-2: DOUBLE (Line Drive, 9LD)
Leonardo Ramírez scores
Batting: RHB Raúl Chávez 0-0: Ball
1-0: Ball
2-0: Called Strike
2-1: Ball
3-1: Called Strike
3-2: Foul Ball, location: 2F
3-2: Fly out, F8 (Flyball, 8LS)
Bottom of the 7th over - 2 run(s), 2 hit(s), 0 error(s), 1 left on base; Phoenix Hotspur 3 - Mercer Island 2
TOP OF THE 8TH
Phoenix Hotspur Youth batting - Pitching for Mercer Island Screaming Eagles : RHP Paris Nowlin
Batting: RHB Rubén Andrada 0-0: Ball
1-0: Foul Ball, location: 2F
1-1: Foul Ball, location: 2F
1-2: Ball
2-2: Foul Ball, location: 2F
2-2: Foul Ball, location: 2F
2-2: Strikes out swinging
Pitching: LHP Pete Rhue
Batting: LHB António Escalante 0-0: Ball
1-0: Ball
2-0: Ball
3-0: Base on Balls
Batting: RHB Hieronymus Bosch 0-0: Called Strike
0-1: Fly out, F9 (Flyball, 9S)
Pinch Hitting: RHB Julián De Paz 0-0: Ball
1-0: Called Strike
1-1: Ball
2-1: Fielders Choice at 2nd, 6-4 (Groundball, 56)
Top of the 8th over - 0 run(s), 0 hit(s), 0 error(s), 0 left on base; Phoenix Hotspur 3 - Mercer Island 2
BOTTOM OF THE 8TH
Mercer Island Screaming Eagles batting - Pitching for Phoenix Hotspur Youth : LHP Raúl Gonzáles
Now at 1B: Juan Rivera
Now at 3B: Julián De Paz
Batting: RHB Luis Jiménez 0-0: Called Strike
0-1: Called Strike
0-2: Strikes out swinging
Batting: RHB Martinus Xhaka 0-0: Fly out, F8 (Flyball, 78S)
Batting: RHB Cristo González 0-0: Foul Ball, location: 2F
0-1: Called Strike
0-2: Fly out, F8 (Flyball, 8LS)
Bottom of the 8th over - 0 run(s), 0 hit(s), 0 error(s), 0 left on base; Phoenix Hotspur 3 - Mercer Island 2
TOP OF THE 9TH
Phoenix Hotspur Youth batting - Pitching for Mercer Island Screaming Eagles : LHP Pete Rhue
Batting: RHB Phillip Mendizabal 0-0: Foul Ball, location: 2F
0-1: Ball
1-1: SINGLE (Flyball, 4D)
Batting: RHB David Rivas 0-0: Called Strike
0-1: Sac Bunt - play at first, batter OUT! 1-3
Phillip Mendizabal to second
Batting: RHB Carl Tucker 0-0: Intentional Walk
Batting: RHB Bernardo Rivera 0-0: Ball
Phillip Mendizabal steals 3rd base
Carl Tucker to second
1-0: Intentional Walk
Batting: RHB Eric Conway 0-0: Called Strike
0-1: Ball
1-1: Foul Ball, location: 2F
1-2: Ball
2-2: Foul Ball, location: 2F
2-2: Foul Ball, location: 2F
2-2: Ball
3-2: DOUBLE (Line Drive, 7LM)
Phillip Mendizabal scores
Carl Tucker scores
Bernardo Rivera to third
Runner from 3rd tries for Home, throw and OUT!
Batting: RHB Rubén Andrada 0-0: Intentional Walk
Pitching: RHP Mark Deeds
Batting: LHB António Escalante 0-0: Called Strike
0-1: Foul Ball, location: 2F
0-2: SINGLE (Line Drive, 3S)
Eric Conway to third
Rubén Andrada to second
Pinch Hitting: LHB Kenny Scott 0-0: Ball
1-0: SINGLE (Groundball, 34D)
Eric Conway scores
Rubén Andrada to third
António Escalante to second
Runner from 3rd tries for Home, SAFE, throw made home
António Escalante to third
Kenny Scott to second
Batting: RHB Julián De Paz 0-0: Intentional Walk
Batting: RHB Phillip Mendizabal 0-0: Ball
1-0: Swinging Strike
1-1: Swinging Strike
1-2: Foul Ball, location: 2F
1-2: Foul Ball, location: 2F
1-2: Foul Ball, location: 2F
1-2: Strikes out looking
Top of the 9th over - 4 run(s), 4 hit(s), 0 error(s), 3 left on base; Phoenix Hotspur 7 - Mercer Island 2
BOTTOM OF THE 9TH
Mercer Island Screaming Eagles batting - Pitching for Phoenix Hotspur Youth : LHP Raúl Gonzáles
Now at SS: Kenny Scott
Batting: RHB Wade Killefer 0-0: Called Strike
0-1: Ball
1-1: Ball
2-1: SINGLE (Line Drive, 6MD)
Batting: LHB Jacob Herman 0-0: Grounds into double play, 4-6-3 (Groundball, 4)
Batting: RHB Leonardo Ramírez 0-0: Ball
1-0: Foul Ball, location: 2F
1-1: SINGLE (Line Drive, 56D)
Batting: LHB Jorge Pérez 0-0: Ball
1-0: Called Strike
1-1: Foul Ball, location: 2F
1-2: Strikes out swinging
Bottom of the 9th over - 0 run(s), 2 hit(s), 0 error(s), 1 left on base; Phoenix Hotspur 7 - Mercer Island 2
Wednesday, September 6th, 2017 - OOTP Baseball 17.12 Build 75